 Dungeon Crawl Stone Soup version 0.17-a0-1804-gf6433eb (webtiles) character file.

13066 luca467 the Martial Artist (level 11, -2/87 HPs)
             Began as a Demonspawn Monk on Sept 11, 2015.
             Slain by an elephant (17 damage)
             ... on level 3 of the Lair of Beasts.
             The game lasted 00:49:10 (10347 turns).

luca467 the Martial Artist (Demonspawn Monk)       Turns: 10347, Time: 00:49:10

Health: -2/87      AC:  5    Str: 11    XL:     11   Next: 70%
Magic:  0/11       EV: 26    Int: 12    God:
Gold:   647        SH:  0    Dex: 24    Spells: 0 memorised, 10 levels left

rFire  . . .     SeeInvis .       - Unarmed
rCold  . . .     Clarity  +     a - +0 robe
rNeg   . . .     SustAt   .     (no shield)
rPois  +         Gourm    .     g - +2 hat
rElec  .         Spirit   +     l - +0 cloak
rCorr  .         Warding  .     (no gloves)
rMut   .         Stasis   .     (no boots)
MR     .....                    (no amulet)
Stlth  +++++++...               q - ring of stealth
                                v - ring of poison resistance

@: agile, flying, not resistant to hostile enchantments, extremely stealthy
A: antennae 2, claws 2, talons 1, clarity, spiny 2, magic shield
a: no special abilities


You were on level 3 of the Lair of Beasts.
You were very hungry.

You visited 3 branches of the dungeon, and saw 12 of its levels.

You collected 647 gold pieces.

Inventory:

Missiles
 T - 68 stones (quivered)
Armour
 a - a +0 robe (worn)
 g - a +2 hat (worn)
 l - a +0 cloak (worn)
Jewellery
 c - an uncursed ring of flight
 e - an uncursed ring of stealth
 f - a +3 ring of intelligence
 q - a ring of stealth (right claw)
 r - an uncursed ring of wizardry
 v - a ring of poison resistance (left claw)
 w - an uncursed ring of see invisible {unknown}
 I - an uncursed ring of wizardry
 K - a +5 ring of intelligence
Magical devices
 m - a wand of frost (18)
 o - a wand of magic darts (31)
 p - a wand of disintegration (3)
 D - a wand of flame (32)
 E - a wand of frost (29)
 R - a wand of enslavement (7)
Scrolls
 d - 3 scrolls of enchant weapon {unknown}
 h - 2 scrolls of remove curse {unknown}
 j - 2 scrolls of immolation {unknown}
 n - 5 scrolls of teleportation {unknown}
 s - 3 scrolls of recharging {unknown}
 u - 2 scrolls of noise {unknown}
 y - 2 scrolls of fear {unknown}
 z - a scroll of brand weapon {unknown}
 G - 2 scrolls of amnesia {unknown}
 N - a scroll of enchant armour {unknown}
 O - 2 scrolls of blinking {unknown}
 Q - a scroll of silence {unknown}
 S - a scroll of magic mapping {unknown}
Potions
 i - a potion of agility
 t - a potion of magic {unknown}
 A - 2 potions of flight
 B - a potion of ambrosia {unknown}
 F - a potion of poison {unknown}
 L - a potion of haste {unknown}
 P - 2 potions of mutation {unknown}
Books
 x - a book of Enchantments

   Spells                             Type                      Level
   a - Cause Fear                     Hexes                        4
   b - Silence                        Hexes/Air                    5
   c - Deflect Missiles               Charms/Air                   6
   d - Haste                          Charms                       6
   e - Discord                        Hexes                        8
 J - a book of Alchemy

   Spells                             Type                      Level
   a - Sublimation of Blood           Necromancy                   2
   b - Ignite Poison                  Fire/Transmutation/Poison    3
   c - Alistair's Intoxication        Transmutation/Poison         4
   d - Condensation Shield            Ice                          4
   e - Petrify                        Transmutation/Earth          4
   f - Irradiate                      Conjuration/Transmutation    5
Comestibles
 b - 6 bread rations
 k - 8 beef jerkies
 C - 3 meat rations
 H - 4 fruits
 M - 9 royal jellies


   Skills:
 + Level 8.8 Fighting
 + Level 3.3 Throwing
 + Level 8.3 Dodging
 + Level 8.5 Stealth
 * Level 11.3 Unarmed Combat


You had 10 spell levels left.
You didn't know any spells.

Dungeon Overview and Level Annotations

Branches:
Dungeon (8/15)             Temple (1/1) D:7            Lair (3/8) D:8
 Shoals (0/4) Lair:3
  Snake: Lair:3-6    Spider: Lair:3-6

Altars:
Cheibriados
Dithmenos
Elyvilon
Fedhas
Gozag
Kikubaaqudgha
Makhleb
Nemelex Xobeh
Okawaru
Qazlal
Ru
Sif Muna
Trog
Vehumet
Xom
Yredelemnul
Zin


Innate Abilities, Weirdness & Mutations

You have a pair of antennae on your head.
You have very sharp fingernails.
You have sharp toenails.
You are mostly covered in sharp spines.
When hurt, damage is shared between your health and your magic reserves.
You possess an exceptional clarity of mind.


Message History

Drink which item? (? for menu, Esc to quit)
Okay, then.
Drink which item? (? for menu, Esc to quit)
It was a potion of agility.
You feel agile all of a sudden. The elephant is struck by your spines.
The elephant tramples you but does no damage.
The elephant barely misses you.
You claw the elephant! Your kick misses the elephant.
The elephant is heavily wounded.
The elephant is struck by your spines. The elephant closely misses you.
The elephant trunk-slaps you.
* * * LOW HITPOINT WARNING * * *
Zapping:
p - a wand of disintegration {zapped: 7} (will waste charges)
Press: ? - help, Shift-Dir - straight line, f - elephant
Aim: an elephant (severely wounded, chance to defeat MR: 30%)
The elephant easily resists.
Evoking this partially-identified wand wasted a few charges.
The elephant is struck by your spines. The elephant tramples you!!
You die...

# ####
..####..#
.......H###
#...#YY@#
#YY###
#P.{# #..##
##.# #.##
#<.# #PY.#
##.##


You could see 4 elephants and a hippogriff.

Vanquished Creatures
  A hydra (Lair:1)
  An elephant (Lair:3)
  Joseph (D:7)
  2 black mambas
  The ghost of Kaziganthi the Thaumaturge, an experienced SpWz (D:5)
  3 spiny frogs (Lair:2)
  3 komodo dragons (Lair:1)
  A fire drake (D:8)
  Grinder (D:4)
  12 blink frogs (Lair:2)
  2 yaks (Lair:1)
  6 hippogriffs
  Eustachio (D:4)
  6 wolves (Lair:2)
  2 soldier ants (D:8)
  Edmund (D:4)
  3 water moccasins
  4 porcupines
  Duvessa (D:6)
  The ghost of kosy22 the Ducker, an average TrFi (D:3)
  4 sky beasts
  A phantom (D:8)
  6 ogres
  4 crocodiles
  6 giant frogs
  2 big kobolds (D:8)
  2 scorpions
  Dowan (D:6)
  2 vampire bats (Lair:2)
  2 giant frog zombies (D:7)
  2 jellies
  An orc wizard (D:4)
  2 hounds
  2 orc priests
  A centaur skeleton (D:4)
  A giant frog skeleton (D:8)
  8 worker ants
  An iron imp (D:6)
  Natasha (D:4)
  7 sheep (Lair:1)
  7 iguanas
  A hound skeleton (D:4)
  A worker ant zombie (D:8)
  5 adders
  36 river rats
  3 shadow imps
  An ooze (D:3)
  4 worms
  6 giant geckos
  9 orcs
  6 goblins
  4 hobgoblins
  A jackal (D:6)
  19 kobolds
  A quokka (D:6)
  2 ball pythons
  17 bats
  4 giant cockroaches
  A giant newt (D:1)
  A jackal skeleton (D:6)
  A quokka skeleton (D:5)
  12 rats
  A plant (Lair:2)
252 creatures vanquished.

Vanquished Creatures (others)
  4 fungi
  3 plants
7 creatures vanquished.

Grand Total: 259 creatures vanquished

Notes
Turn   | Place    | Note
--------------------------------------------------------------
     0 | D:1      | luca467 the Demonspawn Monk began the quest for the Orb.
     0 | D:1      | Reached XP level 1. HP: 18/18 MP: 1/1
   345 | D:1      | Gained mutation: You are partially covered in sharp spines. [demonic ancestry]
   345 | D:1      | Reached XP level 2. HP: 24/24 MP: 2/2
   768 | D:2      | Reached skill level 4 in Unarmed Combat
   878 | D:2      | Gained mutation: You have a pair of small antennae on your head. [demonic ancestry]
   878 | D:2      | Reached XP level 3. HP: 29/29 MP: 3/3
  1512 | D:3      | Gained mutation: You have sharp fingernails. [demonic ancestry]
  1512 | D:3      | Reached XP level 4. HP: 35/35 MP: 4/4
  1749 | D:3      | Noticed kosy22's ghost (average TrFi)
  1761 | D:3      | Killed kosy22's ghost
  1761 | D:3      | Gained mutation: You have sharp toenails. [demonic ancestry]
  1761 | D:3      | Reached XP level 5. HP: 7/42 MP: 5/5
  1985 | D:4      | Noticed an ogre
  1992 | D:4      | Killed an ogre
  1992 | D:4      | Reached skill level 5 in Unarmed Combat
  1992 | D:4      | Gained mutation: You are mostly covered in sharp spines. [demonic ancestry]
  1992 | D:4      | Reached XP level 6. HP: 20/48 MP: 6/6
  2240 | D:4      | Found a burning altar of Makhleb.
  2285 | D:4      | Noticed Eustachio
  2304 | D:4      | Killed Eustachio
  2304 | D:4      | Gained mutation: You have very sharp fingernails. [demonic ancestry]
  2304 | D:4      | Reached XP level 7. HP: 36/54 MP: 7/7
  2463 | D:4      | Noticed Edmund
  2481 | D:4      | Killed Edmund
  2488 | D:4      | Reached skill level 6 in Unarmed Combat
  2616 | D:4      | Noticed Natasha
  2628 | D:4      | Killed Natasha
  2650 | D:4      | Noticed Grinder
  2658 | D:4      | Killed Grinder
  2658 | D:4      | Reached skill level 5 in Fighting
  2658 | D:4      | Gained mutation: You have a pair of antennae on your head. [demonic ancestry]
  2658 | D:4      | Reached XP level 8. HP: 49/62 MP: 8/8
  2910 | D:5      | Entered Level 5 of the Dungeon
  3004 | D:5      | Found a bloodstained altar of Trog.
  3073 | D:5      | Reached skill level 5 in Dodging
  3090 | D:5      | Gained mutation: You possess an exceptional clarity of mind. [mutagenic meat]
  3252 | D:5      | Noticed Kaziganthi's ghost (experienced SpWz)
  3277 | D:5      | Killed Kaziganthi's ghost
  3277 | D:5      | Reached skill level 5 in Stealth
  3277 | D:5      | Reached skill level 7 in Unarmed Combat
  3939 | D:6      | Found a shadowy altar of Dithmenos.
  3939 | D:6      | Found a stormy altar of Qazlal.
  4177 | D:6      | Found a snail-covered altar of Cheibriados.
  4293 | D:6      | Noticed Duvessa
  4293 | D:6      | Noticed Dowan
  4298 | D:6      | Killed Dowan
  4305 | D:6      | Killed Duvessa
  4305 | D:6      | Gained mutation: When hurt, damage is shared between your health and your magic reserves. [demonic ancestry]
  4305 | D:6      | Reached XP level 9. HP: 48/69 MP: 9/9
  4833 | D:7      | Noticed Joseph
  4844 | D:7      | Killed Joseph
  4844 | D:7      | Reached skill level 8 in Unarmed Combat
  5272 | D:7      | Found a staircase to the Ecumenical Temple.
  5456 | Temple   | Entered the Ecumenical Temple
  5929 | D:8      | Found a staircase to the Lair.
  5930 | D:8      | Noticed a fire drake
  6061 | D:8      | Reached skill level 9 in Unarmed Combat
  6361 | D:8      | Killed a fire drake
  6361 | D:8      | Reached XP level 10. HP: 42/79 MP: 7/10
  6778 | Lair:1   | Entered Level 1 of the Lair of Beasts
  7193 | Lair:1   | Noticed a five-headed hydra
  7211 | Lair:1   | Killed a five-headed hydra
  7455 | Lair:1   | Reached skill level 10 in Unarmed Combat
  8101 | Lair:1   | Noticed a black mamba
  8103 | Lair:1   | Killed a black mamba
  8274 | Lair:1   | Reached skill level 1 in Throwing
  8479 | Lair:2   | Noticed a black mamba
  8484 | Lair:2   | Killed a black mamba
  8484 | Lair:2   | Reached XP level 11. HP: 58/86 MP: 7/11
  9100 | Lair:2   | Reached skill level 11 in Unarmed Combat
 10293 | Lair:3   | Found a staircase to the Shoals.
 10347 | Lair:3   | Slain by an elephant

Vault maps used:
D:1:      eino_arrival_cavern_d
D:2:      nicolae_overflow_hidden_temple
D:3:      first_bread
D:4:      lemuel_upstairs_altar, bloody_makhleb, portal_sewer_entry_e,
          serial_glass, glass_columns_a, glass_columns_b, due_unseen_surprise,
          minmay_strange_pillars, uniq_natasha, uniq_grinder, uniq_edmund,
          uniq_eustachio
D:5:      lemuel_doored_altar
D:6:      slow_altar_2, gammafunk_temple_overflow_wave, uniq_duvessa
D:7:      minmay_temple_entry_trees, serial_glass, glass_columns_b,
          glass_columns_c, corexii_corridor_pit, kennysheep_generic_room_9,
          uniq_joseph
D:8:      minmay_lair_entry_lava, hangedman_pestilent_swarm
Temple:   chambers_temple_12
Lair:1:   nicolae_quartered_pool_medium
Lair:2:   roderic_batcave, grunt_forest_stairs_basic, serial_bayou_shore_b
Lair:3:   minmay_shoals_entry_beasts, spider_nest_entry_rubble, minivault_26,
          lemuel_fruit_fields

Action                   |  1- 3 |  4- 6 |  7- 9 | 10-12 || total
-------------------------+-------+-------+-------+-------++-------
Melee: Unarmed           |    76 |    59 |   209 |   285 ||   629
Throw: Throwing net      |       |       |       |     1 ||     1
       Stone             |       |       |       |     3 ||     3
Evoke: Wand              |       |       |     1 |     3 ||     4
  Use: Scroll            |     2 |       |     3 |     2 ||     7
       Potion            |       |       |       |    11 ||    11
 Stab: Sleeping          |     6 |     2 |    19 |    14 ||    41
       Distracted        |       |       |       |     1 ||     1
  Eat: Chunk             |     2 |       |    10 |    11 ||    23
       Meat ration       |       |     1 |       |       ||     1
       Pizza             |       |       |     1 |       ||     1
